 Dungeon Crawl Stone Soup version 0.22.1-6-g1668fe2 (webtiles) character file.

117 Fang the Skirmisher (level 5, -3/33 HPs)
             Began as a Gargoyle Berserker on Jan 31, 2019.
             Was a Believer of Trog.
             Killed by nerve-wracking pain
             ... invoked by an orc priest
              (7 damage)
             ... on level 3 of the Dungeon.
             The game lasted 00:02:29 (2832 turns).

Fang the Skirmisher (Gargoyle Berserker)            Turns: 2832, Time: 00:02:30

Health: -3/33      AC:  8    Str: 22    XL:     5   Next: 1%
Magic:  5/5        EV: 12    Int: 11    God:    Trog [**....]
Gold:   149        SH:  0    Dex:  9    Spells: 4/4 levels left

rFire    . . .     SeeInvis .   a - +0 hand axe
rCold    . . .     Gourm    .   (no shield)
rNeg     + . .     Faith    .   b - +0 animal skin
rPois    ∞         Spirit   .   (no helmet)
rElec    +         Reflect  .   (no cloak)
rCorr    .         Harm     .   (no gloves)
MR       .....                  j - +1 pair of boots
Stlth    +.........             (no amulet)
HPRegen  0.11/turn              m - +4 ring of intelligence
MPRegen  0.09/turn              (no ring)

@: very slow
A: negative energy resistance 1, electricity resistance, unbreathing,
petrification resistance, rot immunity, AC +4
a: Berserk, Trog's Hand, Renounce Religion


You were on level 3 of the Dungeon.
You worshipped Trog.
Trog was pleased with you.
You were not hungry.

You visited 1 branch of the dungeon, and saw 3 of its levels.

You collected 149 gold pieces.

Inventory:

Hand Weapons
 a - a +0 hand axe (weapon)
Armour
 b - a +0 animal skin (worn)
 j - a +1 pair of boots (worn)
Jewellery
 m - a +4 ring of intelligence (left hand)
Scrolls
 d - a scroll of magic mapping {unknown}
 e - 4 scrolls of remove curse {unknown}
 f - a scroll of teleportation {unknown}
 g - 2 scrolls of identify {unknown}
 h - 2 scrolls of blinking {unknown}
 k - a scroll of immolation {unknown}
 r - a scroll of fog {unknown}
Potions
 i - 3 potions of brilliance {unknown}
 l - 2 potions of degeneration {unknown}
 n - a potion of haste {unknown}
 o - a potion of ambrosia {unknown}
 p - a potion of heal wounds {unknown}
 q - 2 potions of lignification {unknown}
Comestibles
 c - 4 rations


   Skills:
 + Level 4.1 Fighting
 + Level 3.9 Axes
 + Level 2.4 Armour
 + Level 2.3 Dodging
 + Level 0.8 Stealth


You had 4 spell levels left.
You didn't know any spells.
Your spell library was empty.

Dungeon Overview and Level Annotations

Branches:
Dungeon (3/15)

Altars:
Hepliaklqana
Ru


Innate Abilities, Weirdness & Mutations

You are resistant to torment.
Your stone body is resilient. (AC +4)
You are immune to poison.
You resist negative energy. (rN+)
You are resistant to electric shocks. (rElec)
You can survive without breathing.
You are immune to petrification.
You are immune to rotting.


Message History

You slash the rat!
You kill the rat!
Trog accepts your kill.
Unknown command.
The orc priest calls down the wrath of Beogh upon you.
Beogh smites you! The dart slug launches a dart at you.
The slug dart misses you.
The orc priest mumbles some strange prayers to Beogh against you.
Beogh smites you!
* * * LOW HITPOINT WARNING * * *
The orc priest looks satisfied for a moment.
The dart slug launches a dart at you. The slug dart misses you.
The orc priest invokes the aid of Beogh against you.
Pain shoots through your body!
* * * LOW HITPOINT WARNING * * *
The orc priest mumbles some strange prayers to Beogh against you.
Pain shoots through your body!
You die...

###......≈≈.≈≈.?.....
.........≈≈≈≈≈#≈...(.
.......≈≈≈#≈≈≈#≈≈≈#
......≈≈#≈≈.⌠≈≈≈≈###...
.....#≈≈≈≈..÷)≈≈≈≈.# #
#..≈w≈#≈≈(.≈≈≈≈#≈≈#
#.#.≈≈≈≈≈≈≈≈<≈≈≈≈≈≈≈≈#
#...≈≈≈≈≈≈≈.)(≈≈≈≈≈#≈#
.....≈≈o≈@≈.<.≈≈≈≈≈≈.
#..#≈w≈≈≈≈≈...≈≈≈≈≈≈≈.
#≈≈oo≈≈≈≈.≈≈≈≈≈≈≈≈..
.....#≈≈≈≈#≈≈.≈≈≈≈≈#≈...
#... #.≈≈≈≈.%[.≈≈≈≈≈..
##. ..#≈≈≈≈≈..(≈≈#≈≈#. #
..###≈≈≈≈≈≈≈≈#≈≈##
.........#≈≈≈≈≈≈.## #..
###.##≈≈.≈≈##.#


You could see a worm, 2 orc priests, a dart slug and an orc.

Vanquished Creatures
  2 adders
  An ooze (D:3)
  2 worms (D:2)
  11 dart slugs
  2 leopard geckos
  2 giant cockroaches
  5 goblins
  8 hobgoblins
  10 kobolds
  4 ball pythons
  12 bats
  A frilled lizard (D:3)
  5 rats
65 creatures vanquished.

Vanquished Creatures (others)
  A kobold (D:3)
1 creature vanquished.

Grand Total: 66 creatures vanquished

Notes
Turn   | Place    | Note
-------+----------+-------------------------------------------
     0 | D:1      | Fang the Gargoyle Berserker began the quest for the Orb.
     0 | D:1      | Reached XP level 1. HP: 14/14 MP: 1/1
    63 | D:1      | Reached XP level 2. HP: 4/19 MP: 2/2
   513 | D:1      | Reached ** piety under Trog
   514 | D:1      | Reached XP level 3. HP: 24/24 MP: 3/3
  1107 | D:2      | Found a hazy altar of Hepliaklqana.
  1466 | D:2      | Reached XP level 4. HP: 29/29 MP: 4/4
  1565 | D:2      | Found a sacrificial altar of Ru.
  2032 | D:3      | Reached skill level 4 in Fighting
  2806 | D:3      | Reached XP level 5. HP: 30/33 MP: 5/5
  2832 | D:3      | Killed from afar by an orc priest

Skill      XL: |  1  2  3  4 |
---------------+-------------+-----
Axes           | 3 |  3.9
Dodging        | 2 |  2.3
Fighting       | 4 |  4.1
Armour         | |  2.4
Stealth        | |  0.8

Action                   |  1- 3 |  4- 6 || total
-------------------------+-------+-------++-------
Melee: Hand axe          |   100 |    67 ||   167
 Stab: Sleeping          |     1 |     1 ||     2
  Eat: Chunk             |     1 |     5 ||     6
Armor: Animal skin       |    35 |    55 ||    90
Dodge: Dodged            |    89 |    96 ||   185
